 Dungeon Crawl Stone Soup version 0.24.0-37-gcf1ca852f1 (webtiles) character file.

Game seed: 12034779542223206454, levelgen mode: deterministic

38815 Curus the Warrior (level 13, -1/128 HPs)
             Began as a Minotaur Gladiator on Dec 8, 2019.
             Was a High Priest of Trog.
             Slain by a spiny frog (22 damage)
             ... on level 6 of the Lair of Beasts.
             The game lasted 01:18:52 (14062 turns).

Curus the Warrior (Minotaur Gladiator)             Turns: 14062, Time: 01:18:52

Health: -1/128     AC:  9    Str: 24    XL:     13   Next: 65%
Magic:  17/17      EV: 22    Int: 10    God:    Trog [*****.]
Gold:   576        SH:  3    Dex: 15    Spells: 12/12 levels left

rFire    + . .     SeeInvis +   C - +4 trident
rCold    + . .     Gourm    .   (no shield)
rNeg     . . .     Faith    .   E - +1 leather armour {rPois}
rPois    +         Spirit   .   M - +1 hat {Int+3}
rElec    +         Reflect  +   O - scarf {rC+ rF+}
rCorr    .         Harm     .   B - +1 pair of gloves of Good Intentions {rElec}
MR       .....                  K - +1 pair of boots of the Villain {+Inv SInv}
Stlth    ++........             I - +3 amulet of reflection
HPRegen  0.31/turn              k - +5 ring of strength
MPRegen  0.15/turn              T - ring of stealth

@: lethally poisoned (-1 -> -2), berserk cooldown, slowed, very slow
A: retaliatory headbutt, horns 2, screaming 1, wild magic 1
a: Berserk, Trog's Hand, Brothers in Arms, Renounce Religion, Evoke Invisibility


You were on level 6 of the Lair of Beasts.
You worshipped Trog.
Trog was extremely pleased with you.
You were hungry.

You visited 2 branches of the dungeon, and saw 17 of its levels.
You also visited: Volcano.

You collected 1091 gold pieces.
You spent 515 gold pieces at shops.

Inventory:

Hand Weapons
 a - a +1 trident
 C - a +4 trident (weapon)
 U - a +2 antimagic glaive
Missiles
 d - 9 throwing nets (quivered)
Armour
 b - a +0 leather armour
 c - a +1 hat
 g - a +0 pair of gloves
 w - a +3 ring mail of fire resistance
 A - a +0 cloak
 B - the +1 pair of gloves of Good Intentions (worn) {rElec}
   (You found it on level 9 of the Dungeon)

   It insulates you from electricity.
 E - a +1 leather armour of poison resistance (worn)
 H - +0 acid dragon scales
 K - the +1 pair of boots of the Villain (worn) {+Inv SInv}
   (You found it on level 1 of the Lair of Beasts)

   It lets you see invisible.
   It lets you turn invisible.
 M - a +1 hat of intelligence (worn)
 O - a scarf of resistance (worn)
Jewellery
 i - a +1 ring of evasion
 k - a +5 ring of strength (left hand)
 l - a +3 ring of evasion
 s - a +3 ring of strength
 G - an uncursed amulet of the acrobat
 I - a +3 amulet of reflection (around neck)
 P - a +5 ring of dexterity
 T - a ring of stealth (right hand)
Wands
 o - a wand of acid (16)
 p - a wand of digging (8)
 q - a wand of iceblast (1)
 t - a wand of polymorph (20)
 u - a wand of disintegration (17)
 z - a wand of paralysis (30)
 D - a wand of random effects (16)
Scrolls
 e - 14 scrolls of teleportation
 h - 13 scrolls of remove curse
 j - 14 scrolls of identify
 m - 4 scrolls of fear
 v - a scroll of magic mapping
 y - 2 scrolls of blinking
 N - 2 scrolls of fog
 Q - a scroll of enchant weapon
 V - a scroll of enchant armour
Potions
 n - 2 potions of curing
 r - a potion of cancellation
 x - 2 potions of magic
 F - 3 potions of flight
 J - 3 potions of brilliance
 L - 3 potions of agility
 S - a potion of berserk rage
Comestibles
 f - 37 rations


   Skills:
 + Level 15.7 Fighting
 - Level 14.0 Polearms
 - Level 2.0 Throwing
 + Level 14.7 Dodging
 - Level 6.7 Evocations


You had 12 spell levels left.
You didn't know any spells.
Your spell library was empty.

Dungeon Overview and Level Annotations

Branches:
Dungeon (11/15)            Temple (0/1) D:5            Lair (5/6) D:11
  Swamp (0/4) Lair:4        Snake (0/4) Lair:3      Volcano (visited)
  Slime: Lair:5-6       Orc: D:9-12

Altars:
Cheibriados
Dithmenos
Fedhas
Gozag
Hepliaklqana
Nemelex Xobeh
Ru
Sif Muna
Trog
Uskayaw
Vehumet
Wu Jian
Yredelemnul
Zin
The Shining One

Shops:
D:4 [   D:5 *   D:6 ?   D:8 *([=?   D:9 *

Portals:
Trove: D:10 (give 16 potions of curing)

Annotations:
D:6 2 transporters, NeAGen181's ghost, novice DDNe
D:9 3 runed translucent doors, Goreval's ghost, novice HOMo


Innate Abilities, Weirdness & Mutations

You reflexively headbutt those who attack you in melee.
You have a pair of horns on your head.
You occasionally shout uncontrollably at your foes.
Your spells are a little harder to cast, but a little more powerful.


Message History

The yak is almost dead.
A spiny frog comes into view.
The yak closely misses you.
You barely miss the yak.
The spiny frog gives a loud, deep croak!
You headbutt the yak, but do no damage.
The yak is almost dead.
You are feeling hungry.
You hear a loud, deep croak!
The yak gores you.
* * * LOW HITPOINT WARNING * * *
You hear a loud, deep croak!
You puncture the spiny frog! You headbutt the spiny frog!
The spiny frog is heavily wounded.
You feel sick. The spiny frog completely misses you. You furiously retaliate!
You headbutt the spiny frog! You block the yak's attack.
You hit the spiny frog. Your headbutt misses the spiny frog.
The spiny frog is almost dead.
The spiny frog stings you!!
You die...

#.. ... ..## ....##
#...# ......###
#....## #....#..
....... #......##
.......
#......P##Y......
##.......#YYY.....
##P.......@##.P....
P.........#F# #P.(.
......P.....# ...
...#.####†..# . ..
#...## .. #...###
##....### #.....÷##
####.)..÷.# #


You could see 4 yaks and a spiny frog.

Vanquished Creatures
  A fire dragon (Lair:1)
  A hydra (Lair:2)
  Harold (D:8)
  Erica (D:8)
  5 two-headed ogres
  Urug (D:10)
  2 unseen horrors
  2 salamanders (Volcano)
  8 elephants
  3 black mambas
  Joseph (D:7)
  Psyche (D:10)
  A gargoyle (D:11)
  A torpor snail (Lair:4)
  15 spiny frogs
  2 komodo dragons
  A kobold demonologist (D:11)
  A tyrant leech (Lair:4)
  Prince Ribbit (D:5)
  5 hippogriffs
  16 blink frogs
  Sigmund (D:2)
  3 basilisks
  8 fire bats
  A spriggan (D:7)
  7 wyverns
  16 yaks
  A hungry ghost (D:8)
  A steam dragon (D:9)
  4 vampire mosquitoes (Lair:6)
  3 nagas (Lair:3)
  A hell hound (Volcano)
  An acid dragon (D:11)
  6 water moccasins
  7 porcupines
  An ice beast (D:10)
  4 orc warriors
  A black bear (D:9)
  2 phantoms
  A sky beast (D:9)
  8 ogres
  4 wolves (Lair:3)
  4 centaurs
  3 big kobolds
  4 crocodiles
  16 bullfrogs
  A water moccasin skeleton (D:8)
  2 scorpions
  10 killer bees
  3 wights (D:10)
  4 electric eels
  4 howler monkeys
  8 crimson imps
  2 bullfrog zombies
  A quasit (D:10)
  7 orc priests
  4 hounds
  5 jellies
  23 orc wizards
  A bullfrog skeleton (D:4)
  5 centaur skeletons
  An iguana (D:4)
  2 iron imps
  Ijyb (D:5)
  8 worker ants
  2 worker ant zombies
  18 gnolls
  A howler monkey skeleton (D:6)
  12 adders
  3 shadow imps
  An ooze (D:1)
  3 adder skeletons
  A worm (D:4)
  3 dart slugs
  3 leopard geckos
  71 orcs
  2 bats (D:2)
  9 giant cockroaches
  6 goblins
  7 hobgoblins
  8 jackals
  5 quokkas
  2 ball pythons
  3 frilled lizards
  A goblin skeleton (D:9)
  3 goblin zombies (D:9)
  A jackal skeleton (D:4)
  19 kobolds
  A kobold skeleton (D:9)
  An orc skeleton (D:9)
  2 orc zombies (D:9)
  2 rats
  A spectral orc (D:3)
461 creatures vanquished.

Vanquished Creatures (collateral kills)
  Gastronok (Lair:1)
  A hydra (Lair:6)
  A blink frog (Lair:6)
  A wyvern (Lair:6)
  A water moccasin (Lair:6)
  A porcupine (Lair:1)
  2 bullfrogs (Lair:6)
8 creatures vanquished.

Vanquished Creatures (others)
  A two-headed ogre (Volcano)
  A centaur (Volcano)
  15 fungi
  38 plants
55 creatures vanquished.

Grand Total: 524 creatures vanquished

Notes
Turn   | Place    | Note
-------+----------+-------------------------------------------
     0 | D:1      | Curus the Minotaur Gladiator began the quest for the Orb.
     0 | D:1      | Reached XP level 1. HP: 18/18 MP: 0/0
   100 | D:1      | Reached XP level 2. HP: 19/25 MP: 1/1
   410 | D:1      | Reached skill level 5 in Polearms
   461 | D:1      | Reached XP level 3. HP: 27/30 MP: 2/2
   482 | D:1      | Gained mutation: You occasionally shout uncontrollably at
                  | your foes. [potion of mutation]
   482 | D:1      | Gained mutation: Your spells are a little harder to cast,
                  | but a little more powerful. [potion of mutation]
  1185 | D:2      | Reached XP level 4. HP: 37/37 MP: 3/3
  1238 | D:2      | Noticed Sigmund
  1259 | D:2      | Killed Sigmund
  1259 | D:2      | Reached XP level 5. HP: 17/42 MP: 4/4
  1746 | D:2      | Found a hide-covered altar of Uskayaw.
  1753 | D:2      | Found a hazy altar of Hepliaklqana.
  2118 | D:3      | Found a bloodstained altar of Trog.
  2129 | D:3      | Reached XP level 6. HP: 39/50 MP: 5/5
  2155 | D:3      | Became a worshipper of Trog the Wrathful
  2296 | D:3      | Found a blossoming altar of Fedhas.
  2428 | D:3      | Found a sparkling altar of Nemelex Xobeh.
  2537 | D:3      | Found a basalt altar of Yredelemnul.
  2585 | D:4      | Found an opulent altar of Gozag.
  2784 | D:4      | Reached XP level 7. HP: 56/56 MP: 6/6
  2885 | D:4      | Reached * piety under Trog
  2907 | D:4      | Reached skill level 10 in Polearms
  3062 | D:4      | Found Peyxtusibb's Armour Emporium.
  3348 | D:5      | Entered Level 5 of the Dungeon
  3348 | D:5      | Noticed Prince Ribbit
  3402 | D:5      | Found Atsuckuo's Elemental Accessories.
  3561 | D:5      | Found a staircase to the Ecumenical Temple.
  3562 | D:5      | Noticed Ijyb
  3570 | D:5      | Killed Ijyb
  3909 | D:5      | Reached XP level 8. HP: 62/62 MP: 7/7
  3943 | D:5      | Reached ** piety under Trog
  4012 | D:5      | Found a glowing silver altar of Zin.
  4046 | D:5      | Found a snail-covered altar of Cheibriados.
  4225 | D:5      | Killed Prince Ribbit
  4580 | D:6      | Found a transporter.
  4580 | D:6      | Noticed NeAGen181's ghost (novice DDNe)
  4597 | D:6      | Found Cumisux's Magic Scroll Boutique.
  4743 | D:6      | Bought a scroll of teleportation for 33 gold pieces
  4743 | D:6      | Bought a scroll of teleportation for 33 gold pieces
  4743 | D:6      | Bought a scroll of fear for 38 gold pieces
  4743 | D:6      | Bought a scroll of fear for 38 gold pieces
  4841 | D:6      | Found a transporter.
  4992 | D:6      | Reached *** piety under Trog
  5314 | D:6      | Reached XP level 9. HP: 68/68 MP: 8/8
  5350 | D:6      | Found a snail-covered altar of Cheibriados.
  5415 | D:7      | Reached skill level 3 in Fighting
  5873 | D:7      | Reached skill level 4 in Fighting
  5982 | D:7      | Reached skill level 5 in Dodging
  6019 | D:7      | Noticed Joseph
  6031 | D:7      | Killed Joseph
  6031 | D:7      | Reached skill level 5 in Fighting
  6169 | D:7      | Found a shadowy altar of Dithmenos.
  6179 | D:7      | Found a shimmering blue altar of Sif Muna.
  6183 | D:7      | Found a sacrificial altar of Ru.
  6377 | D:8      | Noticed Harold
  6399 | D:8      | Killed Harold
  6399 | D:8      | Reached skill level 7 in Fighting
  6399 | D:8      | Reached XP level 10. HP: 78/86 MP: 9/9
  6463 | D:8      | Noticed Erica
  6476 | D:8      | Killed Erica
  6476 | D:8      | Reached skill level 8 in Fighting
  6484 | D:8      | Reached **** piety under Trog
  6593 | D:8      | Found Tergh's Weapon Emporium.
  6632 | D:8      | Found Zeim's Magic Scroll Emporium.
  6638 | D:8      | Bought a scroll of teleportation for 39 gold pieces
  6638 | D:8      | Bought a scroll of fear for 45 gold pieces
  6638 | D:8      | Bought a scroll of enchant armour for 97 gold pieces
  6667 | D:8      | Found a radiant altar of Vehumet.
  6703 | D:8      | Found Xaqify's Armour Shoppe.
  6791 | D:8      | Found Cashresuu's Assorted Antiques.
  6810 | D:8      | Bought a fizzy ruby potion for 27 gold pieces
  6810 | D:8      | Bought a scroll of teleportation for 93 gold pieces
  6971 | D:8      | Found Ciqiosan's Jewellery Boutique.
  7093 | D:9      | Reached skill level 9 in Fighting
  7101 | D:9      | Found a glowing golden altar of the Shining One.
  7143 | D:9      | Noticed a two-headed ogre
  7145 | D:9      | Received a gift from Trog
  7153 | D:9      | Killed a two-headed ogre
  7461 | D:9      | Found a runed translucent gate.
  7464 | D:9      | Reached skill level 10 in Fighting
  7465 | D:9      | Found a runed translucent gate.
  7479 | D:9      | Found a runed translucent gate.
  7516 | D:9      | Got a pair of spiked gloves
  7527 | D:9      | Identified the +1 pair of gloves of Good Intentions {rElec}
                  | (You found it on level 9 of the Dungeon)
  7596 | D:9      | Found Raphue Toura's Serpentskin Sales.
  7602 | D:9      | Bought a +0 leather armour of poison resistance for 72 gold
                  | pieces
  7646 | D:9      | Noticed Goreval's ghost (novice HOMo)
  8067 | D:10     | Entered Level 10 of the Dungeon
  8228 | D:10     | Found a portal to a secret trove of treasure.
  8237 | D:10     | Noticed Urug
  8253 | D:10     | Reached ***** piety under Trog
  8265 | D:10     | Killed Urug
  8265 | D:10     | Reached skill level 10 in Dodging
  8265 | D:10     | Reached XP level 11. HP: 99/101 MP: 10/10
  8299 | D:10     | Killed an unseen horror
  8300 | D:10     | Reached skill level 11 in Fighting
  8553 | D:10     | Received a gift from Trog
  8614 | D:10     | Noticed Psyche
  8632 | D:10     | Killed Psyche
  8657 | D:10     | Found an ornate altar of the Wu Jian Council.
  8881 | D:11     | Noticed a rakshasa
  9026 | D:11     | Noticed a two-headed ogre
  9035 | D:11     | Killed a two-headed ogre
  9048 | D:11     | Reached skill level 12 in Fighting
  9055 | D:11     | Received a gift from Trog
  9065 | D:11     | Killed an unseen horror
  9458 | D:11     | Found a staircase to the Lair.
  9490 | D:11     | Noticed a two-headed ogre
  9499 | D:11     | Killed a two-headed ogre
  9543 | Lair:1   | Entered Level 1 of the Lair of Beasts
  9605 | Lair:1   | Got a pair of encrusted boots
  9611 | Lair:1   | Identified the +1 pair of boots of the Villain {+Inv SInv}
                  | (You found it on level 1 of the Lair of Beasts)
  9619 | Lair:1   | Reached skill level 1 in Evocations
  9673 | Lair:1   | Reached XP level 12. HP: 86/113 MP: 11/13
  9718 | Lair:1   | Noticed Gastronok
  9725 | Lair:1   | Killed Gastronok
 10186 | Lair:1   | Noticed a fire dragon
 10267 | Lair:2   | Reached skill level 5 in Evocations
 10605 | Lair:1   | Killed a fire dragon
 10962 | Lair:2   | Noticed an eight-headed hydra
 10970 | Lair:2   | Killed an eight-headed hydra
 10970 | Lair:2   | Reached skill level 13 in Fighting
 11546 | Lair:3   | Found a staircase to the Snake Pit.
 11666 | Lair:3   | Found a dark tunnel.
 11712 | Volcano  | Entered a volcano
 11739 | Volcano  | Noticed a two-headed ogre
 11750 | Volcano  | Killed a two-headed ogre
 11755 | Volcano  | Reached skill level 14 in Fighting
 11789 | Volcano  | Noticed a two-headed ogre
 11795 | Volcano  | Killed a two-headed ogre
 11805 | Volcano  | Noticed a two-headed ogre
 11807 | Volcano  | Killed a two-headed ogre
 12330 | Lair:3   | Reached XP level 13. HP: 84/124 MP: 17/17
 12881 | Lair:4   | Reached ****** piety under Trog
 12882 | Lair:4   | Received a gift from Trog
 13175 | Lair:4   | Found an opulent altar of Gozag.
 13433 | Lair:4   | Reached skill level 15 in Fighting
 13438 | Lair:4   | Found a staircase to the Swamp.
 13725 | Lair:5   | You fall into a shaft and drop 1 floor!
 13725 | Lair:6   | Entered Level 6 of the Lair of Beasts
 13782 | Lair:6   | HP: 1/127 [eight-headed hydra (12)]
 13792 | Lair:6   | HP: 5/127 [electric eel/bolt of electricity (5)]
 13874 | Lair:6   | HP: 2/127 [spiny frog (14)]
 14062 | Lair:6   | Slain by a spiny frog

Levels and vault maps discovered:
D:1:      psy_arrival_dodecagon, layout_basic, hangedman_glass_teeth
D:2:      layout_loops_corners, chequers_temple_overflow_statue_of_worship,
          skrybe_limestone_x, uniq_sigmund
D:3:      layout_loops_ring, yredelemnul_forgotten_temple_becter,
          lemuel_doored_altar, lemuel_crystal_altar, grunt_ministairs_1,
          fedhas_altar_3
D:4:      layout_loops_ring, overflow_temple_1_default, first_ration,
          serial_shops, nicolae_shop_statue_plus
D:5:      layout_loops_cross, slow_altar_2, zin_statuary,
          minmay_temple_entry_poolview, nicolae_elemental_shop,
          uniq_prince_ribbit1, uniq_ijyb
D:6:      layout_loops_ring, basic_altar, gammafunk_ghost_arena, serial_shops,
          shop_statue, minmay_misc_feat_x
D:7:      layout_loops_ring, minitemple, the_bakery, uniq_joseph
D:8:      layout_loops_ring, vehumet_crystals, serial_shops, shop_fountains,
          nicolae_shop_statue_plus, shop, shop_coins, shop, uniq_harold,
          uniq_erica
D:9:      layout_roguey, nicolae_tso_besieged_by_evil,
          ebering_ghost_rock_garden, st_stairs_1, guppyfry_shop_venom
D:10:     layout_basic, nicolae_trove_entry_crossroad, basic_altar, uniq_psyche,
          uniq_urug
D:11:     layout_rooms, lair_entry_dummy, david_orc_4
Lair:1:   dragon1_lemuel, layout_regular_city, uniq_gastronok
Lair:2:   layout_long_grid
Lair:3:   layout_gridlike, minmay_snake_entry_guardpost_small,
          nicolae_volcano_entry_two_sided
Lair:4:   layout_hall_layers, minmay_swamp_entry_worms, basic_altar,
          chequers_serial_rivers_micro_e, lemuel_fruit_fields
Lair:5:   layout_cave_shapes
Lair:6:   minmay_lair_end_frog_pond, layout_cave_pods, slime_dummy

Skill      XL: |  1  2  3  4  5  6  7  8  9 10 11 12 13 |
---------------+----------------------------------------+-----
Polearms       | 4 5 6 7 8 9 11 13 14 | 14.0
Fighting       | 7 10 12 14 15 | 15.7
Dodging        | 7 10 12 13 14 | 14.7
Evocations     | 3 6 |  6.7
Throwing       | |  2.0

Action                   |  1- 3 |  4- 6 |  7- 9 | 10-12 | 13-15 || total
-------------------------+-------+-------+-------+-------+-------++-------
Melee: Trident           |    77 |   124 |   354 |   791 |   260 ||  1606
       Headbutt          |    10 |    13 |    48 |   143 |    99 ||   313
Throw: Throwing net      |       |     1 |     1 |       |       ||     2
Invok: Berserk           |       |       |     4 |     6 |     2 ||    12
       Trog's Hand       |       |       |     1 |     1 |     1 ||     3
       Brothers in Arms  |       |       |       |     1 |     1 ||     2
Evoke: Wand              |       |       |     1 |     4 |       ||     5
  Use: Scroll            |     4 |     3 |     5 |     6 |       ||    18
       Potion            |     3 |     3 |     2 |     5 |     1 ||    14
 Stab: Held in net/web   |       |     1 |       |       |       ||     1
       Invisible         |       |       |       |     3 |       ||     3
       Sleeping          |       |       |       |     1 |       ||     1
  Eat: Chunk             |     1 |     5 |    14 |    18 |     4 ||    42
       Ration            |       |       |       |     4 |     1 ||     5
Armor: Leather armour    |     8 |     7 |    26 |    70 |    15 ||   126
       Ring mail         |       |       |    12 |    41 |    22 ||    75
Dodge: Dodged            |    32 |    42 |   149 |   424 |   183 ||   830
Block: Other             |       |       |       |    22 |    26 ||    48
